 Dungeon Crawl Stone Soup version 0.30-a0-782-ge64f9170bb (webtiles) character file.

Game seed: 18091044844238386874

520519 KleinerIrrer the Cryomancer (level 24, -1/185 HPs)
             Began as a Demonspawn Ice Elementalist on Feb 23, 2023.
             Was a High Priest of Sif Muna.
             Slain by a titan (3 damage)
             ... on level 5 of the Vaults on Feb 26, 2023.
             The game lasted 04:06:28 (63325 turns).

KleinerIrrer the Cryomancer (DsIE)                 Turns: 63325, Time: 04:06:29

Health: -1/185     AC: 23    Str: 16    XL:     24   Next: 63%
Magic:  0/49       EV: 10    Int: 37    God:    Sif Muna [*****.]
Gold:   4567       SH: 23    Dex: 18    Spells: 4/67 levels left

rFire   + + .      SeeInvis .    U - +6 scimitar "Ymaher" {protect, rElec Dex+2 Stlth+}
rCold   + . .      Faith    .    N - +5 kite shield {AC+3}
rNeg    + + .      Spirit   +    j - +3 ring mail {Will+}
rPois   +          Reflect  +    z - +2 helmet {Int+3}
rElec   +          Harm     .    w - +2 cloak
rCorr   .          Rampage  +    A - +3 pair of gloves "Tuciyvoc" {Will- Str+4 Int+3}
Will    ++...                    (boots unavailable)
Stlth   ++                       v - amulet of Psychosis {Reflect Rampage rN++ Dex+2 SH+5}
HPRegen 0.50/turn                r - ring of Symmetry {Wiz rF++ Stlth+}
MPRegen 0.62/turn                B - ring "Anno" {rPois rC+ Will+ Stlth-}

@: very slightly contaminated, studying Staves
A: hooves 3, foul stench 3, magic shield, magic regeneration, magic link, big
brain 3, corrupting presence 2
}: 2/15 runes: serpentine, barnacled
a: Renounce Religion, Channel Magic, Forget Spell, Divine Exegesis


You were on level 5 of the Vaults.
You worshipped Sif Muna.
Sif Muna was extremely pleased with you.
You visited 9 branches of the dungeon, and saw 43 of its levels.
You also visited: Ossuary and Desolation.

You collected 8576 gold pieces.
You spent 4009 gold pieces at shops.

Inventory:

Hand Weapons
 Q - the +6 dagger of Cobwebs {pain, rPois rC+ rN+ Str+5 Int-3}
   (You found it on level 4 of the Lair of Beasts)

   Str:       It affects your strength (+5).
   Int:       It affects your intelligence (-3).
   rC:        It protects you from cold.
   rPois:     It protects you from poison.
   rN:        It protects you from negative energy.
 U - the +6 scimitar "Ymaher" (weapon) {protect, rElec Dex+2 Stlth+}
   (You bought it in a shop on level 2 of the Snake Pit)

   Dex:       It affects your dexterity (+2).
   rElec:     It insulates you from electricity.
   Stlth:     It makes you more stealthy.
Missiles
 X - 5 silver javelins (quivered)
Armour
 j - a +3 ring mail of willpower (worn)
 w - a +2 cloak (worn)
 z - a +2 helmet of intelligence (worn)
 A - the +3 pair of gloves "Tuciyvoc" (worn) {Will- Str+4 Int+3}
   (You acquired it on level 2 of the Lair of Beasts)

   Str:       It affects your strength (+4).
   Int:       It affects your intelligence (+3).
   Will:      It decreases your willpower.
 N - a +5 kite shield of protection (worn)
Magical Staves
 h - a staff of cold
Jewellery
 a - a ring of protection from cold
 f - the ring "Kaure" {+Blink rCorr Str+5 Int-2 Stlth+}
   (You acquired it on level 1 of the Vaults)

   [ring of resist corrosion]

   Str:       It affects your strength (+5).
   Int:       It affects your intelligence (-2).
   +Blink:    It lets you blink.
   rCorr:     It protects you from acid and corrosion.
   Stlth:     It makes you more stealthy.
 i - the ring "Wethax" {rElec rF- Will+ Dex-5 Slay+5}
   (You took it off a servant of whispers in the Desolation of Salt)

   [ring of willpower]

   Dex:       It affects your dexterity (-5).
   Slay:      It affects your accuracy & damage with ranged weapons and melee
   (+5).
   rF:        It makes you vulnerable to fire.
   rElec:     It insulates you from electricity.
   Will:      It increases your willpower.
 k - the ring of Fyaxkie {rC+ Will+ Str+3}
   (You found it in the Desolation of Salt)

   [ring of protection from cold]

   Str:       It affects your strength (+3).
   rC:        It protects you from cold.
   Will:      It increases your willpower.
 n - an amulet of the acrobat
 q - the amulet "Wowuesip" {Reflect Regen+ Slay+3 SH+5}
   (You found it in the Desolation of Salt)

   [amulet of reflection]

   It reflects blocked missile attacks.
   Slay:      It affects your accuracy & damage with ranged weapons and melee
   (+3).
   Regen:     It increases your rate of health regeneration.
   SH:        It affects your SH (+5).
 r - the ring of Symmetry (left hand) {Wiz rF++ Stlth+}
   (You found it on level 4 of the Lair of Beasts)

   [ring of wizardry]

   It improves your spell success rate.
   rF:        It greatly protects you from fire.
   Stlth:     It makes you more stealthy.
 v - the amulet of Psychosis (around neck) {Reflect Rampage rN++ Dex+2 SH+5}
   (You took it off a servant of whispers in the Desolation of Salt)

   [amulet of reflection]

   It reflects blocked missile attacks.
   Dex:       It affects your dexterity (+2).
   rN:        It greatly protects you from negative energy.
   SH:        It affects your SH (+5).
   Rampage:   It bestows one free step when moving towards enemies.
 y - a ring of protection from fire
 B - the ring "Anno" (right hand) {rPois rC+ Will+ Stlth-}
   (You acquired it on level 2 of the Lair of Beasts)

   [ring of poison resistance]

   rC:        It protects you from cold.
   rPois:     It protects you from poison.
   Will:      It increases your willpower.
   Stlth:     It makes you less stealthy.
 T - the ring of Equivalence {rN+ Str+3 Dex+3}
   (You took it off a servant of whispers in the Desolation of Salt)

   [ring of positive energy]

   Str:       It affects your strength (+3).
   Dex:       It affects your dexterity (+3).
   rN:        It protects you from negative energy.
 V - a ring of see invisible
Wands
 c - a wand of iceblast (30)
 l - a wand of acid (3)
 O - a wand of digging (11)
Scrolls
 m - 11 scrolls of amnesia
 o - 6 scrolls of fog
 F - 9 scrolls of teleportation
 H - 2 scrolls of enchant armour
 I - 4 scrolls of fear
 J - 3 scrolls of enchant weapon
 M - 9 scrolls of immolation
 P - 4 scrolls of summoning
 S - 5 scrolls of silence
 W - 7 scrolls of vulnerability
 Z - 2 scrolls of brand weapon
Potions
 b - 4 potions of ambrosia
 d - 7 potions of lignification
 g - 7 potions of flight
 p - 9 potions of curing
 s - 4 potions of resistance
 t - 7 potions of cancellation
 u - 9 potions of mutation
 D - 10 potions of might
 E - 9 potions of haste
 G - 14 potions of brilliance
 K - 2 potions of invisibility
 L - 8 potions of attraction
Miscellaneous
 e - a phantom mirror
 Y - a phial of floods


   Skills:
 + Level 14.2 Fighting
 + Level 5.8 Armour
 - Level 2.1 Dodging
 - Level 1.7 Stealth
 + Level 12.5 Shields
 * Level 22.1 Spellcasting
 - Level 4.0 Conjurations
 + Level 15.2 Necromancy
 + Level 11.5 Transmutations
 + Level 24.7 Ice Magic
 - Level 4.0 Air Magic
 - Level 10.0 Invocations


You had 4 spell levels left.
You knew the following spells:

 Your Spells              Type           Power      Damage    Failure   Level
a - Freeze                Ice            100%       1d10      0%          1
b - Frozen Ramparts       Ice            100%       1d16      0%          3
c - Ozocubu's Armour      Ice            100%       N/A       0%          3
d - Summon Ice Beast      Ice/Summ       93%        N/A       1%          4
e - Passwall              Tmut/Erth      59%        N/A       1%          2
f - Stone Arrow           Conj/Erth      100%       3d13      1%          3
g - Passage of Golubria   Tloc           40%        N/A       6%          4
h - Freezing Cloud        Conj/Ice/Air   44%        6-21      1%          5
i - Hailstorm             Conj/Ice       99%        3d19      0%          3
j - Simulacrum            Ice/Necr       56%        N/A       1%          6
k - Metabolic Englaciati  Hex/Ice        46%        N/A       1%          5
l - Ozocubu's Refrigerat  Ice            61%        4d21      1%          7
m - Polar Vortex          Ice            61%        N/A       2%          9
n - Necromutation         Tmut/Necr      48%        N/A       16%         8

Your spell library contained the following spells:

 Spells                   Type           Power      Damage    Failure   Level
 Beastly Appendage        Tmut           100%       N/A       0%          1
 Necrotise                Necr           100%       1d9       0%          1
 Ensorcelled Hibernation  Hex/Ice        100%       N/A       0%          2
 Sublimation of Blood     Necr           100%       N/A       0%          2
 Vampiric Draining        Necr           100%       2d13      0%          3
 Ice Form                 Ice/Tmut       100%       N/A       0%          4
 Apportation              Tloc           80%        N/A       1%          1
 Foxfire                  Conj/Fire      100%       2x1d9     1%          1
 Kiss of Death            Conj/Necr      100%       2d13      1%          1
 Magic Dart               Conj           100%       1d8       1%          1
 Sandblast                Erth           80%        2d17      1%          1
 Shock                    Conj/Air       100%       1d9       1%          1
 Slow                     Hex            100%       N/A       1%          1
 Sting                    Tmut/Pois      100%       1d8       1%          1
 Summon Small Mammal      Summ           100%       N/A       1%          1
 Call Imp                 Summ           40%        N/A       1%          2
 Cigotuvi's Dreadful Rot  Necr/Pois/Air  100%       N/A       1%          2
 Lesser Beckoning         Tloc           80%        N/A       1%          2
 Poisonous Vapours        Pois/Air       100%       N/A       1%          2
 Searing Ray              Conj           100%       2d8       1%          2
 Static Discharge         Conj/Air       100%       2-7/arc   1%          2
 Wereblood                Tmut           91%        N/A       1%          2
 Confusing Touch          Hex            40%        N/A       1%          3
 Dazzling Flash           Conj/Hex       100%       N/A       1%          3
 Gell's Gravitas          Tloc           40%        N/A       1%          3
 Ignite Poison            Fire/Tmut/Pois 62%        N/A       1%          3
 Kindle Blastsparks       Fire/Tloc/Air  100%       2d18      1%          3
 Mephitic Cloud           Conj/Pois/Air  57%        N/A       1%          3
 Portal Projectile        Hex/Tloc       80%        N/A       1%          3
 Spider Form              Tmut/Pois      71%        N/A       1%          3
 Swiftness                Air            63%        N/A       1%          3
 Teleport Other           Tloc           40%        N/A       1%          3
 Tukima's Dance           Hex            40%        N/A       1%          3
 Vhi's Electric Charge    Tloc/Air       100%       N/A       1%          3
 Airstrike                Air            31%        2d(5-21)  1%          4
 Anguish                  Hex/Necr       38%        N/A       1%          4
 Animate Dead             Necr           100%       N/A       1%          4
 Dispel Undead            Necr           100%       3d31      1%          4
 Petrify                  Tmut/Erth      71%        N/A       1%          4
 Fulminant Prism          Conj/Hex       27%        3d14      2%          4
 Iskenderun's Mystic Bla  Conj/Tloc      54%        2d12      2%          4
 Sticky Flame             Conj/Fire      54%        2d7       2%          4
 Animate Armour           Summ/Erth      80%        N/A       6%          4
 Manifold Assault         Tloc           40%        N/A       6%          4
 Agony                    Necr           100%       N/A       1%          5
 Alistair's Intoxication  Tmut/Pois      47%        N/A       1%          5
 Blade Hands              Tmut           45%        N/A       1%          5
 Borgnjor's Vile Clutch   Necr/Erth      38%        N/A       1%          5
 Irradiate                Conj/Tmut      39%        3d24      1%          5
 Yara's Violent Unravell  Hex/Tmut       35%        3d14      1%          5
 Death Channel            Necr           50%        N/A       1%          6
 Arcjolt                  Conj/Air       31%        1d41      3%          5
 Lightning Bolt           Conj/Air       31%        1d48      3%          5
 Dragon Form              Tmut           45%        N/A       4%          7
 Fireball                 Conj/Fire      27%        3d12      7%          5
 Silence                  Hex/Air        27%        N/A       7%          5
 Borgnjor's Revivificati  Necr           50%        N/A       8%          8
 Infestation              Necr           50%        N/A       8%          8
 Statue Form              Tmut/Erth      47%        N/A       9%          6
 Lee's Rapid Deconstruct  Erth           20%        3d12*     16%         5
 Summon Forest            Summ/Tloc      20%        N/A       16%         5
 Summon Mana Viper        Hex/Summ       40%        N/A       16%         5
 Conjure Ball Lightning   Conj/Air       31%        3x3d10    17%         6
 Haunt                    Necr/Summ      38%        N/A       21%         7
 Storm Form               Tmut/Air       39%        N/A       21%         7
 Iron Shot                Conj/Erth      27%        9d6       36%         6
 Starburst                Conj/Fire      27%        6d9       36%         6
 Dispersal                Tloc           20%        N/A       61%         6
 Orb of Destruction       Conj           31%        9d10      63%         7
 Death's Door             Necr           50%        N/A       71%         9
 Spellforged Servitor     Conj/Summ      27%        N/A       87%         7
 Enfeeble                 Hex            20%        N/A       98%         7
 Malign Gateway           Summ/Tloc      20%        N/A       98%         7
 Summon Hydra             Summ           20%        N/A       98%         7
 Maxwell's Capacitive Co  Air            31%        ∞         99%         8
 Disjunction              Tloc           20%        N/A       100%        8
 Lehudib's Crystal Spear  Conj/Erth      27%        10d7      100%        8
 Summon Horrible Things   Summ           20%        N/A       100%        8
 Chain Lightning          Conj/Air       31%        3d42      100%        9
 Fire Storm               Conj/Fire      27%        8d7       100%        9
 Shatter                  Erth           20%        3d18*     100%        9


Dungeon Overview and Level Annotations

Branches:
Dungeon (15/15)            Temple (1/1) D:4            Lair (5/5) D:9
 Shoals (4/4) Lair:3        Snake (4/4) Lair:2        Slime (0/5) Lair:4
    Orc (2/2) D:12            Elf (3/3) Orc:2        Vaults (5/5) D:13
  Crypt (0/3) Vaults:2     Depths (4/4) D:15            Zot (0/5) Depths:4
Ossuary (visited)         Desolation (visited)

Altars:
Ashenzari
Cheibriados
Dithmenos
Fedhas
Gozag
Hepliaklqana
Kikubaaqudgha
Makhleb
Nemelex Xobeh
Okawaru
Qazlal
Ru
Sif Muna
Trog
Uskayaw
Vehumet
Wu Jian
Xom
Yredelemnul
Lugonu

Shops:
D:12 :   D:13 *   Orc:1 ?   Orc:2 ?:?(   Shoals:3 !   Snake:2 (   Snake:4 =:=
Vaults:1 *[[*   Vaults:4 (   Depths:3 (

Portals:
Hell: Depths:1 Depths:2 Depths:3 Depths:4
Abyss: Lair:1 Shoals:2 Depths:3
Pandemonium: Orc:2 Depths:2
Ziggurat: Depths:4
Trove: Vaults:4 (give +6 demon trident)

Annotations:
D:3 1 runed translucent door, flt's ghost, amateur DgTm
D:8 Erica
D:11 2 transporters, KleinerIrrer's ghost, journeyman DsIE
Lair:1 2 transporters, postfeelist's ghost, journeyman HOFi
Shoals:2 1 runed translucent door, 2 transporters, Nikola; Umavaog's ghost, adept MiHu
Snake:1 2 transporters, Ijustatesigmund's ghost, adept GrFi


Innate Abilities, Weirdness & Mutations

You have hooves in place of feet.
You frequently emit foul miasma when damaged in melee.
When hurt, damage is shared between your health and your magic reserves.
You regenerate magic rapidly.
When low on magic, you restore magic in place of health.
You have an absolutely massive brain. (Int +6, Wiz)
Your presence sometimes corrodes or deforms those you injure.


Message History

The bolt of lightning hits you! You resist.
* * * LOW HITPOINT WARNING * * *
The war gargoyle launches metal splinters at you.
The spray of metal splinters misses you.
You hear a shout! x3; You hear a deafening roar!
You hear a shout!
You hear a deafening roar!
You hear a shout!
You hear two shouts! x2
You hear a shout! x4; You hear two shouts! x2; You hear a shout! x2
As you read the scroll of fear, it crumbles to dust.
You assume a fearsome visage.
The titan resists with almost no effort.
The war gargoyle is unaffected.
The war gargoyle hits you with a +0 lajatang.
* * * LOW HITPOINT WARNING * * *
You emit a cloud of foul miasma!
An eye of devastation comes into view.
Okay, then.
Magic courses through your body. You block the war gargoyle's attack.
You feel better. You block the war gargoyle's attack. The titan hits you!
* * * LOW HITPOINT WARNING * * *
The war gargoyle launches metal splinters at you.
The spray of metal splinters hits you but does no damage.
Casting: Ozocubu's Refrigeration (safe; 1% risk of failure)
Confirm with . or Enter, or press ? or * to list all spells.
The heat is drained from your surroundings.
The titan is moderately wounded.
The war gargoyle resists.
The war gargoyle is moderately damaged.
The eye of devastation is severely wounded.
You block the titan's attack. You block the war gargoyle's attack.
The eye of devastation gazes at you. The bolt of energy hits you!
* * * LOW HITPOINT WARNING * * *
You feel less invigorated.
The eye of devastation changes into an elephant!
You block the war gargoyle's attack. You block the titan's attack.
The war gargoyle hits you with a +0 lajatang!!
* * * LOW HITPOINT WARNING * * *
As you read the scroll of summoning, it crumbles to dust.
Wisps of shadow whirl around you... The titan hits you!
You die...

... ... ..# ..#
.o# .Q#
...#####9o#####
......C@o......
.......Cp..o...
...##'##o.##'##
. #.. .o# #.
..# ## .Y# ...
....


You could see a titan (ally target), an elephant shaped shifter (ally target), a
war gargoyle (ally target), a friendly stone giant (summoned), a friendly tengu
reaver (summoned), a friendly vault guard (summoned), a friendly orc knight
(summoned), 3 friendly orc warriors and 2 friendly orcs.

Vanquished Creatures
  2 ancient liches (Vaults:4)
  A juggernaut (Depths:2)
  Frederick (Vaults:2)
  Margery (Vaults:2)
  A bone dragon (Depths:4)
  3 golden dragons
  A walking crystal tome (Depths:2)
  3 tentacled monstrosities
  A walking frostbound tome (Depths:3)
  2 deep elf blademasters (Elf:3)
  3 liches
  A walking divine tome (Depths:3)
  2 titans
  3 quicksilver dragons
  4 deep elf master archers (Elf:3)
  Polyphemus (Shoals:3)
  6 sphinxes
  8 shadow dragons
  6 tengu reavers
  2 storm dragons
  7 nagarajas (Snake:4)
  2 iron dragons
  A draconian knight (Depths:4)
  5 fire giants
  2 imperial myrmidons (Desolation)
  12 frost giants
  17 vault wardens
  5 deep elf sorcerers (Elf:3)
  A caustic shrike zombie (Depths:1)
  2 deep elf elementalists (Elf:3)
  2 draconian stormcallers (Depths:4)
  17 ironbound preservers
  2 spriggan defenders (Depths:3)
  An orc warlord (Vaults:4)
  8 stone giants
  29 very ugly things
  A war gargoyle (Vaults:4)
  A green draconian (Depths:4)
  6 ironbound thunderhulks
  2 vampire knights
  A juggernaut skeleton (Depths:1)
  A black draconian (Depths:4)
  7 deep elf demonologists
  6 deep elf annihilators
  A purple draconian (Depths:4)
  5 spark wasps
  8 dire elephants
  A white draconian (Depths:4)
  3 halazid warlocks (Desolation)
  7 deep elf death magi
  4 crystal guardians
  3 entropy weavers
  9 fire dragons
  10 ettins
  A merfolk javelineer (Shoals:4)
  2 green deaths (Snake:1)
  8 merfolk impalers
  11 deep elf high priests
  8 yaktaur captains
  An entropy weaver (shapeshifter) (Elf:2)
  9 ragged hierophants (Desolation)
  34 vault guards
  Erolcha (Orc:1)
  9 hydras
  6 servants of whispers (Desolation)
  3 great orbs of eyes
  9 ice dragons
  A merfolk avatar (Shoals:4)
  2 rakshasas
  Harold (Lair:1)
  6 ogre magi
  3 spriggan air magi
  2 catoblepae
  A demonspawn (Orc:2)
  8 ironbound frosthearts
  A salamander tyrant (Snake:4)
  11 peacekeepers
  An alligator snapping turtle (Shoals:4)
  9 anacondas
  7 boulder beetles
  11 naga warriors
  An anaconda (shapeshifter) (Depths:1)
  24 dancing weapons
  A spriggan skeleton (Depths:3)
  11 two-headed ogres
  6 merfolk aquamancers (Shoals:4)
  8 centaur warriors
  4 death knights
  8 deep troll earth magi
  8 deep troll shamans
  A tengu warrior (D:12)
  A titan zombie (Depths:1)
  11 death yaks
  5 orc high priests (Orc:2)
  2 vampire magi
  5 spriggans
  7 spriggan berserkers
  18 naga sharpshooters
  30 hell knights
  4 shock serpents
  13 deep elf knights
  A skeletal warrior (D:12)
  A fire crab (shapeshifter) (D:14)
  8 iron trolls
  10 sea snakes
  9 salamander mystics
  A flayed ghost (Depths:2)
  2 skysharks
  5 glowing orange brains
  45 deep trolls
  11 deep elf archers
  An orb spider (shapeshifter) (Elf:1)
  Pikel (D:8)
  16 naga ritualists
  27 ironbound convokers
  4 lindwurms (Lair:4)
  4 phantasmal warriors
  31 deep elf pyromancers
  9 orc knights
  11 necromancers
  10 wizards
  11 harpies
  25 deep elf zephyrmancers
  16 mana vipers
  A sphinx zombie (Depths:3)
  7 cyclopes
  An oklob plant (Lair:3)
  13 salamanders
  34 ugly things
  9 orc sorcerers
  8 manticores
  36 black mambas
  5 merfolk sirens
  9 vault sentinels
  6 elephants (Lair:5)
  An orange demon (Orc:2)
  A water nymph (Shoals:2)
  2 gargoyles (D:12)
  25 cane toads
  2 molten gargoyles (Desolation)
  10 guardian serpents
  A torpor snail (Lair:2)
  3 unseen horrors
  29 yaktaurs
  16 naga magi
  15 komodo dragons
  A rime drake (shapeshifter) (Elf:3)
  3 rime drakes
  2 freezing wraiths
  A spark wasp simulacrum (Depths:3)
  An efreet (D:14)
  2 tengu conjurers
  An ice devil (Orc:2)
  A queen bee (Lair:2)
  2 wind drakes
  A polar bear (Lair:1)
  14 merfolk
  3 large abominations (Elf:1)
  3 tyrant leeches (Lair:5)
  12 trolls
  57 saltlings (Desolation)
  7 hornets
  A tengu simulacrum (Depths:3)
  A snapping turtle (Shoals:2)
  25 blink frogs
  8 dream sheep
  24 slime creatures
  An air elemental (Elf:3)
  A frost giant simulacrum (Depths:1)
  A flying skull (Vaults:2)
  3 shadows
  18 water elementals
  3 wyverns
  A vampire (D:12)
  2 ynoxinuls (Orc:2)
  53 yaks
  9 wraiths
  2 steam dragons
  2 fire elementals (Elf:3)
  5 redbacks
  8 basilisks
  3 wargs
  A swamp worm (shapeshifter) (Vaults:5)
  16 vampire mosquitoes
  3 acid dragons
  47 nagas
  A floating eye (Depths:2)
  10 water moccasins
  42 orc warriors
  A black bear (Lair:2)
  20 wolves
  12 ogres
  10 centaurs
  A centaur (shapeshifter) (D:13)
  A phantom (D:5)
  4 lemures (D:8)
  2 kobold brigands
  20 bullfrogs
  2 gnoll sergeants
  3 earth elementals
  A necrophage (D:7)
  7 elf zombies
  2 scorpions (D:6)
  24 killer bees (Lair:2)
  3 electric eels
  4 howler monkeys
  5 hounds
  A human zombie (Ossuary)
  35 orc priests
  6 iguanas
  Jessica (D:2)
  32 orc wizards
  10 hell rats
  Robin (D:4)
  8 gnolls
  7 adders
  A shadow imp (D:7)
  A white imp (D:6)
  2 ufetubi
  An adder zombie (Ossuary)
  5 worms
  3 dart slugs
  102 orcs
  5 bats
  7 endoplasms
  3 giant cockroaches
  15 goblins
  12 hobgoblins
  7 quokkas
  4 ball pythons
  3 frilled lizards
  2 goblin zombies (Ossuary)
  3 hobgoblin zombies (Ossuary)
  A jackal zombie (Ossuary)
  14 kobolds
  6 kobold zombies (Ossuary)
  2 orc zombies (Ossuary)
  7 rats
  A rat zombie (Ossuary)
1900 creatures vanquished.

Vanquished Creatures (collateral kills)
  Mlioglotl (Shoals:4)
  A tengu reaver (Vaults:1)
  A sphinx (Vaults:1)
  Ilsuiw (Shoals:4)
  A vault warden (Vaults:1)
  A dire elephant (Vaults:1)
  A merfolk impaler (Shoals:4)
  2 merfolk avatars (Shoals:2)
  A satyr (Shoals:4)
  A death yak (Shoals:2)
  A naga sharpshooter (Snake:1)
  3 skysharks
  9 sea snakes
  2 deep trolls (Vaults:1)
  A phantasmal warrior (Vaults:1)
  4 harpies (Shoals:3)
  3 cyclopes
  An ugly thing (D:13)
  8 manticores
  10 fauns
  4 merfolk sirens
  2 apocalypse crabs (Shoals:2)
  4 water nymphs
  A black mamba (Snake:1)
  2 yaktaurs (Vaults:1)
  4 wind drakes
  12 merfolk
  8 snapping turtles
  6 dream sheep
  A shadow (D:9)
  5 water elementals
  2 nagas (Snake:1)
  A water moccasin (Lair:3)
  4 ice beasts
  A wolf (Lair:2)
  An iguana (D:7)
  2 hell rats (Lair:1)
  A boggart simulacrum (D:14)
  2 mummies (Ossuary)
  A gnoll (D:6)
  A white imp (D:5)
  An orc (D:7)
  6 hobgoblin zombies (Ossuary)
  A jackal zombie (Ossuary)
  5 kobold zombies (Ossuary)
  4 orc zombies (Ossuary)
  2 plants
137 creatures vanquished.

Vanquished Creatures (others)
  A fire giant (Depths:3)
  A merfolk aquamancer (Shoals:4)
  A saltling (Desolation)
  An orc wizard (Orc:2)
  55 fungi
  180 plants
  4 toadstools (D:11)
243 creatures vanquished.

Grand Total: 2280 creatures vanquished

Notes
Turn   | Place    | Note
-------+----------+-------------------------------------------
     0 | D:1      | KleinerIrrer the Demonspawn Ice Elementalist began the
                  | quest for the Orb.
     0 | D:1      | Reached XP level 1. HP: 13/13 MP: 3/3
   482 | D:1      | Gained mutation: You regenerate magic rapidly. [demonic
                  | ancestry]
   482 | D:1      | Reached XP level 2. HP: 18/19 MP: 1/5
   760 | D:1      | Reached skill level 4 in Ice Magic
  1199 | D:2      | Gained mutation: You have large cloven feet. [demonic
                  | ancestry]
  1199 | D:2      | Reached XP level 3. HP: 24/24 MP: 3/6
  1307 | D:2      | Learned a level 3 spell: Frozen Ramparts
  1311 | D:2      | Learned a level 3 spell: Ozocubu's Armour
  1786 | D:2      | Gained mutation: You have an unusually large brain. (Int
                  | +2) [demonic ancestry]
  1786 | D:2      | Reached XP level 4. HP: 30/30 MP: 4/8
  2030 | D:2      | Noticed Jessica
  2035 | D:2      | Killed Jessica
  2100 | D:2      | Identified the +6 spear of Uskayaw, Mashing {holy, Contam
                  | rPois Str+5 Dex+2}
  2360 | D:3      | Reached skill level 1 in Fighting
  2505 | D:3      | Identified the +6 chain mail of Jofak {rPois}
  2552 | D:3      | Reached skill level 5 in Ice Magic
  2552 | D:3      | Reached XP level 5. HP: 37/37 MP: 6/9
  3072 | D:3      | Found a runed translucent door.
  3075 | D:3      | Noticed flt's ghost (amateur DgTm)
  3227 | D:4      | Found a staircase to the Ecumenical Temple.
  3261 | Temple   | Entered the Ecumenical Temple
  3360 | Temple   | Became a worshipper of Sif Muna the Loreminder
  3472 | D:4      | Noticed Robin
  3485 | D:4      | Killed Robin
  3486 | D:4      | Reached skill level 1 in Armour
  3522 | D:4      | Reached XP level 6. HP: 39/44 MP: 1/11
  3797 | D:5      | Entered Level 5 of the Dungeon
  4035 | D:5      | Noticed an ice beast
  4063 | D:4      | Learned a level 4 spell: Summon Ice Beast
  4106 | D:5      | Killed an ice beast
  4307 | D:5      | Gained mutation: You have an extremely huge brain. (Int +4)
                  | [demonic ancestry]
  4307 | D:5      | Reached XP level 7. HP: 43/51 MP: 9/12
  4313 | D:5      | Reached * piety under Sif Muna
  4361 | D:5      | Learned a level 2 spell: Passwall
  4426 | D:5      | Reached skill level 6 in Ice Magic
  4661 | D:5      | Reached skill level 1 in Invocations
  5034 | D:6      | Found a sand-covered staircase.
  5040 | Ossuary  | Entered an ossuary
  5167 | Ossuary  | Reached ** piety under Sif Muna
  5399 | Ossuary  | Reached XP level 8. HP: 58/58 MP: 12/14
  5500 | D:6      | Reached skill level 7 in Ice Magic
  5552 | D:6      | Found a snail-covered altar of Cheibriados.
  6229 | D:6      | Reached skill level 5 in Spellcasting
  6473 | D:6      | Killed an unseen horror
  6473 | D:6      | Reached *** piety under Sif Muna
  6474 | D:6      | Reached skill level 8 in Ice Magic
  6474 | D:6      | Gained mutation: You have hoof-like feet. [demonic
                  | ancestry]
  6474 | D:6      | Reached XP level 9. HP: 53/66 MP: 10/16
  6600 | D:6      | Reached skill level 5 in Invocations
  7287 | D:7      | Noticed a two-headed ogre
  7303 | D:7      | Killed a two-headed ogre
  7304 | D:7      | Reached skill level 5 in Fighting
  7739 | D:7      | Reached skill level 9 in Ice Magic
  8143 | D:7      | Reached **** piety under Sif Muna
  8449 | D:8      | Reached XP level 10. HP: 64/76 MP: 9/19
  8798 | D:8      | Noticed Pikel
  8799 | D:8      | Noticed Erica
  9031 | D:8      | Noticed a cyclops
  9040 | D:8      | Killed a cyclops
  9193 | D:8      | Found an iron altar of Okawaru.
  9193 | D:8      | Found a sacrificial altar of Ru.
  9366 | D:8      | Killed Pikel
  9367 | D:8      | Reached skill level 10 in Ice Magic
  9837 | D:9      | Found a staircase to the Lair.
  9872 | Lair:1   | Entered Level 1 of the Lair of Beasts
  9877 | Lair:1   | Noticed a black mamba
  9886 | Lair:1   | Killed a black mamba
  9943 | Lair:1   | Noticed a cane toad
  9944 | Lair:1   | Found a one-way gate to the infinite horrors of the Abyss.
  9944 | Lair:1   | Noticed postfeelist's ghost (journeyman HOFi)
  9955 | Lair:1   | Killed a cane toad
  9962 | Lair:1   | Noticed a thrashing horror
 10105 | Lair:1   | Noticed a red ugly thing
 10108 | Lair:1   | Noticed a green very ugly thing
 10120 | Lair:1   | Found a transporter.
 10127 | Lair:1   | Noticed Harold
 10412 | Lair:1   | Reached XP level 11. HP: 51/84 MP: 8/21
 10542 | Lair:1   | Found a transporter.
 10570 | Lair:1   | Killed Harold
 10792 | Lair:1   | Noticed a death yak
 10792 | Lair:1   | Noticed a death yak
 10792 | Lair:1   | Noticed a death yak
 10809 | Lair:1   | Noticed a death yak
 10810 | Lair:1   | Noticed a death yak
 10812 | Lair:1   | Noticed a death yak
 10812 | Lair:1   | Killed a death yak
 10813 | Lair:1   | Reached skill level 11 in Ice Magic
 10823 | Lair:1   | Killed a death yak
 10826 | Lair:1   | Killed a death yak
 10833 | Lair:1   | Killed a death yak
 10834 | Lair:1   | Killed a death yak
 11613 | D:9      | Learned a level 3 spell: Stone Arrow
 12200 | Lair:1   | Reached skill level 10 in Invocations
 12425 | Lair:1   | Noticed a cyan ugly thing
 12520 | Lair:2   | Noticed a death yak
 12520 | Lair:2   | Noticed a death yak
 12902 | Lair:1   | Reached skill level 12 in Ice Magic
 12917 | Lair:2   | Found a snail-covered altar of Cheibriados.
 13080 | Lair:2   | Noticed an eight-headed hydra
 13090 | Lair:2   | Killed an eight-headed hydra
 13188 | Lair:2   | Gained mutation: When hurt, damage is shared between your
                  | health and your magic reserves. [demonic ancestry]
 13188 | Lair:2   | Reached XP level 12. HP: 70/94 MP: 18/24
 13345 | Lair:2   | Found a staircase to the Snake Pit.
 14403 | Lair:2   | Killed a death yak
 14408 | Lair:2   | Killed a death yak
 14409 | Lair:2   | Reached skill level 13 in Ice Magic
 14586 | Lair:2   | Identified 2 scrolls of acquirement
 14586 | Lair:2   | Acquired the +3 pair of gloves "Tuciyvoc" {Will- Str+4
                  | Int+3}
 14587 | Lair:2   | Acquired the ring "Anno" {rPois rC+ Will+ Stlth-}
 15233 | Lair:3   | Reached skill level 10 in Fighting
 15362 | Lair:3   | Noticed an eight-headed hydra
 15372 | Lair:3   | Killed an eight-headed hydra
 15688 | Lair:3   | Noticed a six-headed hydra
 15704 | Lair:3   | Killed a six-headed hydra
 15705 | Lair:3   | Gained mutation: You have an absolutely massive brain. (Int
                  | +6, Wiz) [demonic ancestry]
 15705 | Lair:3   | Reached XP level 13. HP: 93/103 MP: 19/26
 15710 | Lair:3   | Learned a level 4 spell: Passage of Golubria
 15732 | Lair:3   | Reached ***** piety under Sif Muna
 15790 | Lair:3   | Reached skill level 14 in Ice Magic
 15846 | Lair:3   | Received a gift from Sif Muna
 15847 | Lair:3   | Got Sif Muna's Textbook on the Macabre Sky {god gift}
 15854 | Lair:3   | Learned a level 5 spell: Freezing Cloud
 16204 | Lair:3   | Found a staircase to the Shoals.
 16359 | Lair:3   | Reached skill level 10 in Spellcasting
 16734 | Lair:4   | Reached skill level 1 in Shields
 16946 | Lair:4   | Identified the +6 dagger of Cobwebs {pain, rPois rC+ rN+
                  | Str+5 Int-3}
 16986 | Lair:4   | Found a staircase to the Slime Pits.
 17582 | Lair:4   | Reached skill level 5 in Shields
 17715 | Lair:4   | Identified the ring of Symmetry {Wiz rF++ Stlth+}
 17767 | Lair:5   | Entered Level 5 of the Lair of Beasts
 18436 | Lair:5   | Reached skill level 1 in Conjurations
 18451 | Lair:5   | Reached skill level 1 in Air Magic
 18712 | Lair:5   | Received a gift from Sif Muna
 18714 | Lair:5   | Got Sif Muna's Parchment of the Lizard {god gift}
 18887 | Lair:5   | Reached XP level 14. HP: 93/111 MP: 11/28
 19582 | Lair:5   | Identified the +11 dagger of the Aged Lives {freeze, rPois}
 20345 | D:10     | Entered Level 10 of the Dungeon
 20665 | D:10     | Reached skill level 5 in Armour
 21038 | D:10     | Received a gift from Sif Muna
 21050 | D:10     | Got Asmodeus's Commentary on Generative Battle Magic {god
                  | gift}
 21459 | D:11     | Identified the +1 arbalest "Jeridist" {penet, Will- Str+9
                  | Stlth+}
 21549 | D:11     | Identified the +5 sling of a treasure trove {drain, rPois
                  | rN+}
 21588 | D:11     | Found a transporter.
 21597 | D:11     | Noticed KleinerIrrer's ghost (journeyman DsIE)
 22285 | D:11     | Found a transporter.
 22312 | D:12     | Found Moimoj's Book Boutique.
 22613 | D:12     | Noticed a frost giant
 22714 | D:12     | Killed a frost giant
 23154 | D:12     | Identified the +5 dagger "Mogiwy" {spect, *Slow rCorr
                  | Str+7}
 23179 | D:12     | Gained mutation: You may rarely emit foul miasma when
                  | damaged in melee. [demonic ancestry]
 23179 | D:12     | Reached XP level 15. HP: 62/119 MP: 19/30
 23777 | D:12     | Identified the +4 ring mail "Hifuperph" {Dex+4}
 23816 | D:12     | Reached skill level 10 in Shields
 23818 | D:12     | Received a gift from Sif Muna
 23823 | D:12     | Got Sif Muna's Tome of Evolution and Fulmination {god gift}
 23892 | D:12     | Found a staircase to the Orcish Mines.
 23963 | Orc:1    | Entered Level 1 of the Orcish Mines
 24060 | Orc:1    | Noticed Erolcha
 24793 | Orc:1    | Killed Erolcha
 25047 | Orc:1    | Found Ylod's Magic Scroll Shoppe.
 25076 | Orc:2    | Entered Level 2 of the Orcish Mines
 25226 | Orc:2    | Found a bloodstained altar of Trog.
 25960 | Orc:2    | Found a staircase to the Elven Halls.
 26051 | Orc:2    | Found Cenetyng's Magic Scroll Shoppe.
 26054 | Orc:2    | Found Vilul's Magic Scroll Emporium.
 26200 | Orc:2    | Bought a scroll of enchant armour for 120 gold pieces
 26203 | Orc:2    | Bought a scroll of enchant armour for 82 gold pieces
 26344 | Orc:2    | Received a gift from Sif Muna
 26452 | Orc:2    | Paralysed by an orc sorcerer for 5 turns
 26501 | Orc:2    | Found Kikutav's Antique Weapon Boutique.
 26501 | Orc:2    | Found Obletiawn's Book Shop.
 26501 | Orc:2    | Found a one-way gate leading to the halls of Pandemonium.
 27578 | D:13     | Found Tiabiurgh's General Store.
 27582 | D:13     | Bought a scroll of fear for 68 gold pieces
 27718 | D:13     | Found a gate to the Vaults.
 27869 | D:13     | You fall into a shaft and drop 2 floors!
 27869 | D:15     | Entered Level 15 of the Dungeon
 28180 | D:15     | Identified the +0 helmet of Caafe Tiby {rCorr Slay+2}
 28382 | D:15     | Found an iron altar of Okawaru.
 28696 | D:15     | Found a staircase to the Depths.
 29164 | D:15     | Reached XP level 16. HP: 120/129 MP: 13/34
 29781 | D:14     | Received a gift from Sif Muna
 29914 | D:14     | Got Sif Muna's Atlas of the Wayfarer and Outbursts {god
                  | gift}
 30509 | D:14     | Learned a level 3 spell: Hailstorm
 30516 | D:14     | Learned a level 6 spell: Simulacrum
 31301 | Shoals:1 | Entered Level 1 of the Shoals
 31321 | Shoals:1 | Reached skill level 1 in Necromancy
 31543 | Shoals:1 | Reached skill level 15 in Spellcasting
 31569 | Shoals:1 | Acquired the +2 buckler of Kausiav {rCorr Str+4}
 32058 | Shoals:2 | Found a runed translucent door.
 32227 | Shoals:2 | Noticed a kraken
 32227 | Shoals:2 | Found a transporter.
 32238 | Shoals:2 | Found a transporter.
 32239 | Shoals:2 | Noticed Umavaog's ghost (adept MiHu)
 32598 | Shoals:2 | Found a corrupted altar of Lugonu.
 32599 | Shoals:2 | Noticed Nikola
 32647 | Shoals:3 | Noticed Polyphemus
 32647 | Shoals:3 | Found Wurul's Distillery.
 32781 | Shoals:3 | Killed Polyphemus
 33018 | Shoals:3 | Bought a potion of flight for 36 gold pieces
 33018 | Shoals:3 | Bought a potion of brilliance for 48 gold pieces
 33018 | Shoals:3 | Bought a potion of brilliance for 48 gold pieces
 33018 | Shoals:3 | Bought a potion of mutation for 96 gold pieces
 33018 | Shoals:3 | Bought a potion of experience for 600 gold pieces
 33018 | Shoals:3 | Bought a potion of curing for 36 gold pieces
 33280 | D:13     | Bought a potion of brilliance for 68 gold pieces
 33280 | D:13     | Bought a potion of heal wounds for 85 gold pieces
 33862 | Shoals:4 | Entered Level 4 of the Shoals
 33917 | Shoals:4 | Received a gift from Sif Muna
 33918 | Shoals:4 | Got Sif Muna's Atlas of Shivering Obstruction {god gift}
 33925 | Shoals:4 | Learned a level 5 spell: Metabolic Englaciation
 33933 | Shoals:4 | Learned a level 7 spell: Ozocubu's Refrigeration
 33938 | Shoals:4 | Gained mutation: You have hooves in place of feet. [demonic
                  | ancestry]
 33938 | Shoals:4 | Reached XP level 17. HP: 128/138 MP: 16/37
 34061 | Shoals:4 | Reached skill level 15 in Ice Magic
 34070 | Shoals:4 | Gained mutation: Your presence sometimes corrodes those you
                  | injure. [demonic ancestry]
 34070 | Shoals:4 | Reached XP level 18. HP: 80/145 MP: 18/38
 34172 | Shoals:4 | Got a barnacled rune of Zot
 34300 | Shoals:4 | Noticed Ilsuiw
 34309 | Shoals:4 | Noticed Mlioglotl
 34312 | Shoals:4 | Reached skill level 16 in Ice Magic
 34447 | Shoals:4 | Killed Ilsuiw
 34497 | Shoals:4 | Killed Mlioglotl
 34591 | Shoals:4 | Got Witchcraft, Part One
 34860 | Shoals:4 | Identified the +2 pair of boots "Lueces" {rF- Int+3 Dex+3}
 35017 | Snake:1  | Entered Level 1 of the Snake Pit
 35111 | Snake:1  | Found a transporter.
 35201 | Snake:1  | Received a gift from Sif Muna
 35263 | Snake:1  | Found a bloodstained altar of Trog.
 35271 | Snake:1  | Noticed Ijustatesigmund's ghost (adept GrFi)
 35272 | Snake:1  | Identified the ring "Vioqapie" {rPois Int+6 Dex+5}
 35527 | Snake:1  | Found a transporter.
 36191 | Snake:1  | Found a runed translucent door.
 36386 | Snake:1  | Reached skill level 17 in Ice Magic
 36945 | Snake:2  | Found Seqe Lahede's Weapon Emporium.
 36948 | Snake:2  | Identified the +0 quarterstaff "Worm" {flame, rPois Will+
                  | rCorr MP-9}
 36977 | Snake:2  | Bought the +6 scimitar "Ymaher" {protect, rElec Dex+2
                  | Stlth+} for 1004 gold pieces
 37416 | Snake:2  | Received a gift from Sif Muna
 37420 | Snake:2  | Got Yqydweth's Compilation of Flashy Frostbite {god gift}
 37545 | Snake:2  | You fall into a shaft and drop 1 floor!
 38423 | Snake:3  | Gained mutation: You sometimes emit foul miasma when
                  | damaged in melee. [demonic ancestry]
 38423 | Snake:3  | Reached XP level 19. HP: 143/151 MP: 27/41
 38954 | Snake:4  | Entered Level 4 of the Snake Pit
 38975 | Snake:4  | Reached skill level 18 in Ice Magic
 39341 | Snake:4  | Identified the +3 battleaxe of Eternal Harmony {freeze,
                  | rElec rC+ Str-5}
 39793 | Snake:4  | Received a gift from Sif Muna
 39795 | Snake:4  | Got Sif Muna's Volume of the Allied Xenotype {god gift}
 40037 | Snake:4  | Reached skill level 19 in Ice Magic
 40663 | Snake:4  | Got a serpentine rune of Zot
 40966 | Snake:4  | Found Zuimouw's Jewellery Shoppe.
 40966 | Snake:4  | Found Zeokoa's Book Shop.
 40967 | Snake:4  | Found Lidwu's Jewellery Shoppe.
 41563 | Vaults:1 | Entered Level 1 of the Vaults
 41770 | Vaults:1 | Found Gozag's Antique Armour Shop.
 41894 | Vaults:1 | Reached skill level 20 in Ice Magic
 42025 | Vaults:1 | Found Xelaipsyi's General Store.
 42042 | Vaults:1 | Bought a scroll of teleportation for 57 gold pieces
 42042 | Vaults:1 | Bought a scroll of enchant armour for 142 gold pieces
 42042 | Vaults:1 | Bought a potion of magic for 152 gold pieces
 42042 | Vaults:1 | Bought a scroll of teleportation for 57 gold pieces
 42190 | Vaults:1 | Acquired the ring "Kaure" {+Blink rCorr Str+5 Int-2 Stlth+}
 43097 | Vaults:1 | Found an opulent altar of Gozag.
 43102 | Vaults:1 | Found Gozag's Antique Armour Shop.
 43127 | Vaults:1 | Bought a runed helmet for 750 gold pieces
 43127 | Vaults:1 | Found Gozag's Assorted Antiques.
 43354 | Vaults:1 | Learned a level 9 spell: Polar Vortex
 43368 | Vaults:2 | Noticed Margery
 43389 | Vaults:2 | Killed Margery
 43625 | Vaults:2 | Found a crumbling gateway.
 43634 | Desolati | Entered the Desolation of Salt
 43847 | Desolati | Reached XP level 20. HP: 89/146 MP: 7/42
 43949 | Desolati | Identified the amulet of Psychosis {Reflect Rampage rN++
                  | Dex+2 SH+5}
 44035 | Desolati | Reached skill level 21 in Ice Magic
 44049 | Desolati | Identified the ring "Wethax" {rElec rF- Will+ Dex-5 Slay+5}
 44249 | Desolati | Identified the ring of Fyaxkie {rC+ Will+ Str+3}
 44277 | Desolati | Received a gift from Sif Muna
 44278 | Desolati | Got Sif Muna's Dissertation on Evolution and Ectoplasm {god
                  | gift}
 44404 | Desolati | Identified the amulet "Wowuesip" {Reflect Regen+ Slay+3
                  | SH+5}
 44409 | Desolati | Identified the +0 leather armour "Yculeb" {rElec MP+9}
 44854 | Desolati | Identified the ring of Equivalence {rN+ Str+3 Dex+3}
 44988 | Desolati | Identified the amulet "Jota" {RegenMP rF- Slay+4}
 45162 | Vaults:2 | Reached skill level 22 in Ice Magic
 46649 | Vaults:2 | Noticed Frederick
 46664 | Vaults:2 | Killed Frederick
 46665 | Vaults:2 | Reached skill level 23 in Ice Magic
 46793 | Vaults:2 | Found a staircase to the Crypt.
 46837 | Vaults:2 | Received a gift from Sif Muna
 46838 | Vaults:2 | Got Lale's Commentary on Fateful Locality {god gift}
 47740 | Vaults:3 | Gained mutation: When low on magic, you restore magic in
                  | place of health. [demonic ancestry]
 47740 | Vaults:3 | Reached XP level 21. HP: 164/164 MP: 36/43
 48621 | Vaults:3 | Reached skill level 24 in Ice Magic
 48971 | Vaults:4 | Reached skill level 1 in Transmutations
 49079 | Vaults:4 | Found a huge runed gate.
 49079 | Vaults:4 | Found a huge runed gate.
 49079 | Vaults:4 | Found a huge runed gate.
 49079 | Vaults:4 | Found a huge runed gate.
 49079 | Vaults:4 | Found a huge runed gate.
 49079 | Vaults:4 | Found a huge runed gate.
 49080 | Vaults:4 | Found a huge runed gate.
 49080 | Vaults:4 | Found a huge runed gate.
 49080 | Vaults:4 | Found a huge runed gate.
 49080 | Vaults:4 | Found a huge runed gate.
 49080 | Vaults:4 | Found a huge runed gate.
 49081 | Vaults:4 | Found a huge runed gate.
 49082 | Vaults:4 | Found a huge runed gate.
 49083 | Vaults:4 | Found a huge runed gate.
 49091 | Vaults:4 | Found a huge runed gate.
 49091 | Vaults:4 | Found a huge runed gate.
 49091 | Vaults:4 | Found a huge runed gate.
 49091 | Vaults:4 | Found a huge runed gate.
 49091 | Vaults:4 | Found a huge runed gate.
 49091 | Vaults:4 | Found a huge runed gate.
 49092 | Vaults:4 | Found a huge runed gate.
 49173 | Vaults:4 | Found a huge runed gate.
 49174 | Vaults:4 | Found a huge runed gate.
 49175 | Vaults:4 | Found a huge runed gate.
 49176 | Vaults:4 | Found a huge runed gate.
 49177 | Vaults:4 | Found a huge runed gate.
 49185 | Vaults:4 | Found a huge runed gate.
 49185 | Vaults:4 | Found a huge runed gate.
 49185 | Vaults:4 | Found a huge runed gate.
 49185 | Vaults:4 | Found a huge runed gate.
 49185 | Vaults:4 | Found a huge runed gate.
 49185 | Vaults:4 | Found a huge runed gate.
 49186 | Vaults:4 | Found a huge runed gate.
 49187 | Vaults:4 | Found a huge runed gate.
 49189 | Vaults:4 | Found a huge runed gate.
 49223 | Vaults:4 | Found Hitrijox's Weapon Shoppe.
 49241 | Vaults:4 | Received a gift from Sif Muna
 49286 | Vaults:4 | Got Sif Muna's Information on Pestilence {god gift}
 49549 | Vaults:4 | Found a portal to a secret trove of treasure.
 49861 | Vaults:4 | Found a huge runed gate.
 50207 | Vaults:4 | Noticed an ancient lich
 50209 | Vaults:4 | Noticed a golden dragon
 50221 | Vaults:4 | Killed an ancient lich
 50229 | Vaults:4 | Received a gift from Sif Muna
 50231 | Vaults:4 | Killed a golden dragon
 50553 | D:12     | Bought a Necronomicon for 560 gold pieces
 50761 | Vaults:4 | Got Ufoan's Anthology of Frostbitten Quicksand {god gift}
 51110 | Depths:1 | Entered Level 1 of the Depths
 51116 | Depths:1 | Reached skill level 5 in Transmutations
 51160 | Depths:1 | Gained mutation: You frequently emit foul miasma when
                  | damaged in melee. [demonic ancestry]
 51160 | Depths:1 | Reached XP level 22. HP: 86/171 MP: 16/45
 51687 | Depths:1 | Reached skill level 5 in Necromancy
 51786 | Depths:1 | Found an ornate altar of the Wu Jian Council.
 52143 | Depths:1 | Found a gateway to Hell.
 52441 | Depths:2 | Received a gift from Sif Muna
 52672 | Depths:2 | You fall into a shaft and drop 2 floors!
 52672 | Depths:4 | Entered Level 4 of the Depths
 53832 | Depths:2 | Received a gift from Sif Muna
 53836 | Depths:2 | Got Sif Muna's Spellbook of the Glowing Graveyard {god
                  | gift}
 54115 | Depths:2 | Noticed a juggernaut
 54162 | Depths:2 | Killed a juggernaut
 54430 | Depths:2 | Found the +6 arbalest "Damnation" {damnation}
 54435 | Depths:2 | Identified the +1 chain mail "Echekkem" {rPois Will+}
 54441 | Depths:2 | Identified the +1 shortbow of Hosoelou {heavy, rPois}
 54822 | Depths:3 | Reached skill level 10 in Necromancy
 55573 | Depths:3 | Noticed a golden dragon
 55588 | Depths:3 | Killed a golden dragon
 55600 | Depths:3 | Gained mutation: Your presence sometimes corrodes or
                  | deforms those you injure. [demonic ancestry]
 55600 | Depths:3 | Reached XP level 23. HP: 31/177 MP: 3/47
 56201 | Depths:3 | Found Muittugy's Weapon Emporium.
 56499 | Depths:3 | Received a gift from Sif Muna
 56826 | Depths:4 | Found a one-way gateway to a ziggurat.
 57979 | Depths:4 | Found a gate to the Realm of Zot.
 58599 | Elf:1    | Entered Level 1 of the Elven Halls
 59100 | Elf:1    | Reached skill level 10 in Transmutations
 59100 | Elf:1    | Received a gift from Sif Muna
 59108 | Elf:1    | Got Sif Muna's Lectures on Mercurial Terra Firma {god gift}
 60094 | Elf:2    | Found a huge runed translucent gate.
 60096 | Elf:2    | Found a huge runed translucent gate.
 60096 | Elf:2    | Found a huge runed translucent gate.
 60097 | Elf:2    | Found a huge runed translucent gate.
 60097 | Elf:2    | Found a huge runed translucent gate.
 60793 | Elf:3    | Entered Level 3 of the Elven Halls
 61087 | Elf:3    | Reached XP level 24. HP: 180/184 MP: 34/48
 61137 | Elf:3    | Identified the +5 dagger of Accord {freeze, rC++}
 61211 | Elf:3    | Received a gift from Sif Muna
 61213 | Elf:3    | Identified the +0 robe of Moral Flaws {rPois}
 61283 | Elf:3    | Identified the +0 leather armour "Souqoq" {Will+ Stlth+}
 61678 | Elf:3    | Found the +2 pair of slick slippers {slick, slippery, EV+5}
 61694 | Elf:3    | Identified the +1 pair of gloves of Evolution {Rampage rN+
                  | Str-4}
 62068 | Elf:3    | Learned a level 8 spell: Necromutation
 62781 | Vaults:5 | Entered Level 5 of the Vaults
 62786 | Vaults:5 | Received a gift from Sif Muna
 62788 | Vaults:5 | Reached skill level 15 in Necromancy
 62823 | Vaults:5 | Noticed an ancient lich
 62826 | Vaults:5 | Noticed an ancient lich
 62932 | Vaults:4 | Killed an ancient lich
 63318 | Vaults:5 | HP: 9/185 [titan/the air (9)]
 63320 | Vaults:5 | HP: 4/185 [war gargoyle/+0 lajatang (1)]
 63325 | Vaults:5 | Slain by a titan

Illustrated notes

Levels and vault maps discovered:
D:1:      matt_arrival_los_fun, layout_loops_ring, nicolae_eternal_life,
          minmay_misc_feat_four_crosses
D:2:      layout_basic, kennysheep_jessica_study
D:3:      layout_basic, ebering_ghost_reflecting_pool, minmay_circle_x
D:4:      layout_rooms, minmay_temple_entry_stoned_glass, uniq_robin
D:5:      layout_gridville
D:6:      layout_layer_cave, cheibrodos_worm_habitat, enter_ossuary_2
D:7:      layout_loops_corners
D:8:      layout_gridville, nicolae_overflow_two_pavilions, dk_noncrumbling_3,
          uniq_erica, uniq_pikel
D:9:      layout_loops_corners, lair_entry_dummy
D:10:     layout_loops_cross, grunt_ministairs_10, kennysheep_generic_room_5
D:11:     layout_small_grid, gammafunk_ghost_berserking_beasts,
          minmay_misc_feat_enclosed, minmay_gold_behind_fungi
D:12:     minmay_the_grid_square_5x5_4x4 [minmay_the_grid_square_5x5_minivault,
          minmay_the_grid_square_5x5_comb,
          minmay_the_grid_square_5x5_checkered_sparse,
          minmay_the_grid_square_5x5_sharp_hourglass,
          minmay_the_grid_square_5x5_doubleslash,
          minmay_the_grid_square_5x5_prize_waves,
          minmay_the_grid_square_5x5_prize_junk, minmay_the_grid_square_5x5_v,
          minmay_the_grid_square_5x5_three_walls,
          minmay_the_grid_square_5x5_prize_open,
          minmay_the_grid_square_5x5_prize_monsterx,
          minmay_the_grid_square_5x5_half_checkered,
          minmay_the_grid_square_5x5_inverted_slash,
          minmay_the_grid_square_5x5_minimal,
          minmay_the_grid_square_5x5_shuriken,
          minmay_the_grid_square_5x5_intrusive_squares], layout_long_grid,
          david_orc_2, serial_shops, nicolae_stop_n_shop_1,
          nicolae_lava_and_water, nicolae_underground_beach
D:13:     kennysheep_funnel, layout_irregular_city, david_vaults_5,
          serial_shops, shop, drop_trap, st_stairs_1
D:14:     layout_roguey, nrook_campfire, nicolae_two_hexagons,
          small_statue_intersection
D:15:     grunt_enter_depths_hoard, layout_stronghold, minmay_misc_feat_hallway,
          okawaru_altar_gauntlet_db
Temple:   nicolae_temple_bog_church
Lair:1:   layout_regular_city, gammafunk_ghost_abyssal_escape,
          lemuel_fruit_tree, grunt_megastairs_1, serial_bayou_shore_b,
          uniq_harold
Lair:2:   regret_index_wax_grids, layout_gridlike, guppyfry_snake_entry_island,
          basic_altar, st_stairs_11, grunt_megastairs_3,
          infiniplex_staircase_pool
Lair:3:   layout_small_grid, minmay_shoals_entry_centaurs,
          minmay_lair_oklob_items, serial_bayou_shore_a
Lair:4:   layout_long_grid, slime_entry_1, minmay_lindwurm_lava,
          lemuel_fruit_fields
Lair:5:   minmay_lair_end_frog_pond, layout_gridlike
Shoals:1: layout_shoals
Shoals:2: layout_shoals, ebering_ghost_davey_jones,
          nicolae_shoals_abyss_on_the_beach, uniq_nikola
Shoals:3: layout_shoals, nicolae_stop_n_shop_1, uniq_polyphemus
Shoals:4: shoals_end_hangedman, layout_shoals, shoals_ilsuiw_ice, uniq_mlioglotl
Snake:1:  cheibrodos_toxic_ritual, layout_layer_cave,
          gammafunk_ghost_wrathful_warriors
Snake:2:  layout_basic, serial_shops, shop
Snake:3:  layout_misc_corridors
Snake:4:  johnstein_snake_rune_scales, layout_basic, minmay_shop_grove,
          grunt_megastairs_5
Orc:1:    layout_diamond_mine, serial_shops, shop, uniq_erolcha
Orc:2:    pf_orc_diabolical, layout_caves, basic_altar
Elf:1:    nicolae_elf_arrival_fired_up, layout_loops_ring, minmay_elf_necromancy
Elf:2:    elven_hall_of_blades_hangedman_alternative
          [nicolae_blade_entry_diamond_columns], layout_loops_ring,
          serial_sigils_hangedman_shear, corexii_checkpoint_b
Elf:3:    minmay_elf_hall_not_hex, layout_onion_city
Vaults:1: nicolae_vaults_little_ls, vaults_mumra_chevron,
          kennysheep_vaults_gozag_temple, ontoclasm_vaults_hangar,
          nicolae_vaults_puzzle_piece, nicolae_vaults_diagonal_hallway_7,
          nicolae_vaults_asterisk, nicolae_vaults_little_squares_2,
          nicolae_vaults_rhombus_5, layout_vaults_omnigrid, serial_shops, shop
Vaults:2: portal_desolation_entry_twin_temple, nicolae_vaults_little_squares_4,
          nicolae_vaults_network_quincunx
          [nicolae_vaults_network_quincunx_subvault,
          nicolae_vaults_network_quincunx_subvault,
          nicolae_vaults_network_quincunx_subvault,
          nicolae_vaults_network_quincunx_subvault,
          nicolae_vaults_network_quincunx_subvault], st_spiral_rooms, v_misc_5,
          minmay_crypt_entry_simple_plaza, hangedman_vaults_corner,
          nicolae_vaults_network_star, v_misc_19,
          nicolae_vaults_little_squares_6, vaults_dpeg_ring, vaults_room_pool,
          nicolae_vaults_little_squares_5, grunt_vaults_focal,
          layout_vaults_omnicross, uniq_margery, uniq_frederick
Vaults:3: nicolae_vaults_back_hallway, nicolae_vaults_little_squares_2,
          vaults_mumra_minichess_inversion, v_alt_pattern_1,
          hangedman_vaults_slither, grunt_vaults_hallway_short,
          vaults_mumra_lcd, vaults_mumra_hexcomb, ontoclasm_vaults_ligature,
          nicolae_vaults_network_quinsquares
          [nicolae_vaults_network_quincunx_subvault,
          nicolae_vaults_network_quincunx_subvault,
          nicolae_vaults_network_quincunx_subvault,
          nicolae_vaults_network_quincunx_subvault], hangedman_vaults_capsules,
          v_misc_32, vaults_room_fancy_cross, nicolae_vaults_diagonal_hallway_7,
          layout_vaults_omnibox
Vaults:4: door_vault, grunt_vaults_hallway_long, grunt_vaults_hallway_long,
          nicolae_vaults_little_squares_1, hangedman_vaults_cutoff,
          vaults_room_fours, nicolae_vaults_asterisk,
          nicolae_vaults_three_branches, v_misc_29, nicolae_vaults_angled_halls,
          grunt_vaults_funnel, nicolae_vaults_shelves_hall, vaults_dpeg_hooks,
          layout_vaults_ring, enter_trove_2, serial_shops,
          nicolae_shop_bloodbath_and_beyond
Vaults:5
Depths:1: nicolae_cairo_tiling_very_big, layout_cave_pools,
          marbit_kobold_abyss_entry, grunt_hell_entry_dis_grunt,
          dreamdust_wishing_well, nicolae_wu_jian_wuxing_cycle
Depths:2: minmay_broken_ring, layout_small_grid, rand_demon_pan_entry_3,
          hangedman_decor_points, hell_entry, minivault_22, minmay_misc_feat_x
Depths:3: evilmike_diamond_2, layout_gridlike, fountainhead, pf_coc_iceberg,
          abyss_entry, serial_shops, kennysheep_little_box, serial_bayou_shore_b
Depths:4: grunt_zot_entry_bicorn, layout_gridlike, enter_ziggurat_b,
          grunt_metal_band, serial_bayou_shore_b

Skill      XL: |  1  2  3  4  5  6  7  8  9 10 11 12 13 14 15 16 17 18 19 20 21 22 23 24 |
---------------+-------------------------------------------------------------------------+-----
Ice Magic      | 4 5 6 8 9 10 12 13 14 15 17 20 23 24 | 24.7
Fighting       | 1 2 3 4 6 7 8 10 11 12 13 14 | 14.2
Spellcasting   | 3 4 5 6 7 8 9 10 11 14 16 18 19 20 21 22 | 22.1
Armour         | 1 2 3 5 |  5.8
Invocations    | 2 4 6 8 10 | 10.0
Dodging        | 2 |  2.1
Shields        | 8 9 11 12 | 12.5
Conjurations   | 2 4 |  4.0
Air Magic      | 2 4 |  4.0
Necromancy     | 2 4 11 14 15 | 15.2
Transmutations | 5 8 10 11 | 11.5
Stealth        | |  1.7

Action                     |  1- 3 |  4- 6 |  7- 9 | 10-12 | 13-15 | 16-18 | 19-21 | 22-24 || total
---------------------------+-------+-------+-------+-------+-------+-------+-------+-------++-------
  Melee: Unarmed           |     2 |       |       |       |       |       |       |       ||     2
         Dagger            |    19 |    85 |   168 |    32 |   133 |    22 |       |       ||   459
         Kick              |     1 |    23 |    56 |    11 |    11 |     2 |    66 |    96 ||   266
         Punch             |       |     1 |     2 |       |       |       |       |       ||     3
         Staff             |       |       |       |       |       |     7 |    38 |       ||    45
         Scimitar          |       |       |       |       |       |       |    80 |   167 ||   247
  Throw: Dart              |     1 |    10 |     1 |       |       |       |       |       ||    12
         Throwing net      |       |       |       |     3 |       |       |       |       ||     3
   Cast: Freeze            |    49 |    28 |    65 |   200 |   162 |    15 |       |       ||   519
         Frozen Ramparts   |     3 |    19 |    45 |    92 |    96 |    11 |    29 |    16 ||   311
         Ozocubu's Armour  |       |     8 |    24 |    52 |    69 |     7 |    25 |     9 ||   194
         Summon Ice Beast  |       |     2 |    17 |     9 |    14 |     1 |       |       ||    43
         Summon Hydra      |       |       |       |     2 |       |       |       |       ||     2
         Stone Arrow       |       |       |       |     3 |    49 |       |       |     4 ||    56
         Freezing Cloud    |       |       |       |       |   261 |    92 |    37 |    12 ||   402
         Passage of Golubr |       |       |       |       |     1 |       |       |       ||     1
         Simulacrum        |       |       |       |       |       |   104 |    19 |       ||   123
         Ozocubu's Refrige |       |       |       |       |       |   144 |   218 |   266 ||   628
         Polar Vortex      |       |       |       |       |       |       |    84 |    93 ||   177
         Metabolic Englaci |       |       |       |       |       |       |     1 |       ||     1
         Iron Shot         |       |       |       |       |       |       |     1 |       ||     1
         Necromutation     |       |       |       |       |       |       |       |     5 ||     5
 Invoke: Divine Exegesis   |       |       |       |     2 |       |       |     1 |       ||     3
         Channel Magic     |       |       |       |     3 |     8 |    12 |    13 |     8 ||    44
    Use: Scroll            |       |     5 |     9 |    15 |     9 |     6 |     8 |     9 ||    61
         Potion            |       |     1 |     4 |    12 |     3 |     6 |     4 |    16 ||    46
   Stab: Distracted        |       |     1 |       |       |       |       |       |       ||     1
         Sleeping          |       |       |     2 |       |     2 |       |     1 |     1 ||     6
         Confused          |       |       |       |       |       |       |       |     1 ||     1
 Armour: Robe              |    15 |     3 |       |       |       |       |       |       ||    18
         Leather armour    |       |    21 |    89 |   142 |    38 |       |       |       ||   290
         Ring mail         |       |    16 |       |       |   286 |    86 |   167 |   194 ||   749
         Skin              |       |       |       |    37 |       |       |       |       ||    37
  Dodge: Dodged            |    36 |    65 |   185 |   374 |   402 |   163 |   189 |   116 ||  1530
  Block: Kite shield       |       |       |       |       |   486 |   159 |   458 |   488 ||  1591
         Reflection        |       |       |       |       |       |       |    27 |    33 ||    60

Table legend: (Time is in decaauts)
 A = Elapsed time spent in this place.
 B = Non-inter-level travel time spent in this place.
 C = Inter-level travel time spent in this place.
 D = Time resting spent in this place.
 E = Time spent auto-exploring this place.
 F = Levels seen in this place.
 G = Mean time per level.
                   A        B        C        D        E       F      G
               +--------+--------+--------+--------+--------+-----+--------+
         Total |  63909 |  55462 |   8447 |   9801 |  32172 |  45 | 1420.2 |
       Dungeon |  20369 |  18215 |   2154 |   2550 |  12254 |  15 | 1357.9 |
        Temple |    120 |      8 |    112 |      0 |      0 |   1 |  120.0 |
          Lair |   9492 |   8505 |    987 |   2207 |   4259 |   5 | 1898.4 |
        Shoals |   3495 |   2363 |   1132 |    422 |    628 |   4 |  873.8 |
     Snake Pit |   6310 |   5174 |   1136 |   1055 |   3290 |   4 | 1577.5 |
  Orcish Mines |   2166 |   1772 |    394 |    665 |    524 |   2 | 1083.0 |
   Elven Halls |   3981 |   3525 |    456 |    331 |   2427 |   3 | 1327.0 |
        Vaults |   8585 |   7173 |   1412 |    580 |   4821 |   5 | 1717.0 |
        Depths |   7463 |   6803 |    660 |   1275 |   3963 |   4 | 1865.8 |
       Ossuary |    438 |    438 |      0 |      0 |      4 |   1 |  438.0 |
    Desolation |   1486 |   1486 |      0 |    716 |      0 |   1 | 1486.0 |
               +--------+--------+--------+--------+--------+-----+--------+

Top non-repeatable levels by time:
  Lair:1: 2562 daAuts
    D:12: 2413 daAuts
 Snake:4: 2343 daAuts
Vaults:2: 2317 daAuts
Depths:3: 2245 daAuts
  Lair:2: 2194 daAuts
Vaults:4: 2162 daAuts
Vaults:1: 2081 daAuts
Depths:4: 2015 daAuts
Depths:2: 1907 daAuts
 Snake:1: 1843 daAuts
Vaults:3: 1832 daAuts
     D:9: 1797 daAuts
    D:15: 1773 daAuts
     D:6: 1737 daAuts
